 Dungeon Crawl Stone Soup version 0.17-a0-764-gd40c196 (console) character file.

110 sose the Poker (level 4, 0/33 HPs)
             Began as a Merfolk Gladiator on Apr 23, 2015.
             Slain by a quokka (2 damage)
             ... on level 4 of the Dungeon.
             The game lasted 00:04:13 (2287 turns).

sose the Poker (Merfolk Gladiator)                  Turns: 2287, Time: 00:04:13

Health: 0/33       AC:  4    Str: 15    XL:     4   Next: 91%
Magic:  4/4        EV: 14    Int:  8    God:
Gold:   113        SH:  0    Dex: 14    Spells: 0 memorised, 3 levels left

rFire  . . .     SeeInvis .     a - +0 trident
rCold  . . .     Clarity  .     b - +0 leather armour
rNeg   . . .     SustAb   .     (no shield)
rPois  .         Gourm    .     c - +0 helmet
rElec  .         Spirit   .     (no cloak)
rCorr  .         Warding  .     (no gloves)
rMut   .         Stasis   .     (no boots)
MR     .....                    (no amulet)
Stlth  +.........               (no ring)
                                y - +1 ring of evasion

@: not resistant to hostile enchantments, very unstealthy
A: change form in water, swift swim
a: no special abilities


You were on level 4 of the Dungeon.
You were not hungry.

You visited 1 branch of the dungeon, and saw 4 of its levels.

You collected 113 gold pieces.

Inventory:

Hand weapons
 a - a +0 trident (weapon)
Missiles
 d - 3 throwing nets (quivered)
Armour
 b - a +0 leather armour (worn)
 c - a +0 helmet (worn)
Jewellery
 y - a +1 ring of evasion (left hand)
Magical devices
 p - a wand of confusion (10)
Scrolls
 f - 2 scrolls of recharging {unknown}
 l - 4 scrolls of identify {unknown}
 m - a scroll of teleportation {unknown}
 q - a scroll of magic mapping {unknown}
 r - a scroll of amnesia {unknown}
 s - a scroll of immolation {unknown}
 v - a scroll of fog {unknown}
 z - a scroll of enchant armour {unknown}
 A - a scroll of noise {unknown}
Potions
 g - a potion of heal wounds {unknown}
 i - a potion of brilliance {unknown}
 k - a potion of cancellation {unknown}
 n - a potion of agility {unknown}
 o - a potion of curing {unknown}
 t - a potion of poison {unknown}
 w - 4 potions of restore abilities {unknown}
Books
 u - a book of Summonings

   Spells                             Type                      Level
   a - Abjuration                     Summoning                    3
   b - Recall                         Summoning/Translocation      3
   c - Shadow Creatures               Summoning                    5
   d - Summon Demon                   Summoning                    5
   e - Summon Forest                  Summoning/Translocation      5
   f - Monstrous Menagerie            Summoning                    6
Comestibles
 e - a bread ration
 h - a slice of pizza
 j - a royal jelly
 x - a meat ration


   Skills:
 - Level 2.2 Fighting
 + Level 7.8 Polearms
 - Level 2.0 Throwing
 - Level 4.0 Dodging


You had 3 spell levels left.
You didn't know any spells.

Dungeon Overview and Level Annotations

Branches:
Dungeon (4/15)
 Temple: D:4-7

Altars:
Ashenzari
Makhleb
Vehumet
Xom
Yredelemnul


Message History

You hit the orc.
The orc is moderately wounded.
The orc completely misses you.
The quokka twitches its whiskers.
You barely miss the orc.
The orc is moderately wounded.
The orc barely misses you.
You hit the orc.
The orc is heavily wounded.
The orc completely misses you.
You hit the orc.
The orc is severely wounded.
You hit the orc.
You kill the orc!
You completely miss the hobgoblin. The hobgoblin barely misses you.
You hit the hobgoblin.
You kill the hobgoblin!
You barely miss the quokka. The quokka barely misses you.
You closely miss the quokka. The quokka bites you.
You die...

####### #.....+ # #
#@####.#
#####.##r#....#.###
........g..........
#####.##<###..#.###
# #..........
+......+....
#......# #.#
######.# +#


You could see a quokka and a hobgoblin.

Vanquished Creatures
  A gnoll (D:3)
  2 adders
  An ooze (D:2)
  2 worms (D:3)
  3 giant geckos
  3 orcs
  7 bats
  2 giant cockroaches
  11 goblins
  5 hobgoblins
  6 jackals
  4 giant newts
  11 kobolds
  5 rats
63 creatures vanquished.

Notes
Turn   | Place    | Note
--------------------------------------------------------------
     0 | D:1      | sose, the Merfolk Gladiator, began the quest for the Orb.
     0 | D:1      | Reached XP level 1. HP: 16/16 MP: 1/1
   171 | D:1      | Reached skill level 5 in Polearms
   171 | D:1      | Reached XP level 2. HP: 15/22 MP: 2/2
   537 | D:1      | Reached XP level 3. HP: 24/27 MP: 3/3
   696 | D:1      | Reached skill level 6 in Polearms
  1391 | D:2      | Reached skill level 7 in Polearms
  1391 | D:2      | Reached XP level 4. HP: 30/33 MP: 4/4
  1971 | D:3      | Found a shattered altar of Ashenzari.
  1972 | D:3      | Found a burning altar of Makhleb.
  1972 | D:3      | Found a shimmering altar of Xom.
  2222 | D:3      | Found a basalt altar of Yredelemnul.
  2224 | D:3      | Found a radiant altar of Vehumet.
  2275 | D:4      | HP: 1/33 [hobgoblin/club (2)]
  2287 | D:4      | Slain by a quokka

Action                   |  1- 3 |  4- 6 || total
-------------------------+-------+-------++-------
Melee: Trident           |   129 |    84 ||   213
  Eat: Bread ration      |     1 |       ||     1
       Chunk             |     1 |       ||     1
